[Event "*** Titled Tuesday Blitz"]
[Site "Chess.com"]
[Date "2020.12.29"]
[Round "10"]
[White "OrtizAnahi2001"]
[Black "Alomaterapia"]
[Result "0-1"]
[WhiteElo "2335"]
[BlackElo "2516"]
[TimeControl "180+1"]
[EndTime "11:52:59 PST"]
[Termination "Alomaterapia won by resignation"]

1. d4 d5 2. c4 c6 3. Nc3 Nf6 4. Nf3 e6 5. Bg5 Nbd7 6. cxd5 exd5 7. e3 Qa5 8. Bd3 Ne4 9. Qc2 Nxg5 10. Nxg5 Nf6 11.
O-O h6 12. Nf3 Bd6 13. e4 dxe4 14. Nxe4 Nxe4 15. Bxe4 O-O 16. Rae1 Qxa2 17. Bh7+ Kh8 18. Ra1 Qd5 19. Be4 Qh5 20. Rfe1 Be6 21. Rab1 a6 22. b4 Rae8 23. h3 f5 24. Bd3 Bd5 25. Be2 Be4 26.
Ne5 Qg5 27. Nf3 Bxc2 28. Nxg5 hxg5 29. Rbc1 Bxb4 0-1

[Event "*** Titled Tuesday Blitz"]
[Site "Chess.com"]
[Date "2020.12.29"]
[Round "10"]
[White "HackingKid98"]
[Black "Nils_03"]
[Result "1-0"]
[WhiteElo "2425"]
[BlackElo "2265"]
[TimeControl "180+1"]
[EndTime "11:53:08 PST"]
[Termination "HackingKid98 won by resignation"]

1. Nf3 d5 2. c4 dxc4 3. Qa4+ Nd7 4.
Qxc4 e5 5. d3 Bd6 6. g3 Ne7 7. Bg2 O-O 8. O-O Nb6 9. Qc2 Bg4 10.
Nc3 Qd7 11. Bd2 Bh3 12. Rfc1 Bxg2 13. Kxg2 c6 14. Ne4 Ned5 15. Nc5 Qe7 16. a3 Rfe8 17.
b4 Rad8 18. a4 Nc8 19. a5 b6 20. axb6 axb6 21. Ne4 Nxb4 22. Bxb4 Bxb4 23. Qxc6 f5 24. Neg5 h6 25. Qc4+ Kh8 26. Nxe5 hxg5 27. Ng6+ Kh7 28. Nxe7 Bxe7 29. Qf7 Bf6 30. Ra8 Nd6 31. Qh5+ Kg8 32. Ra7 Rxe2 33. Qxe2 1-0

[Event "*** Titled Tuesday Blitz"]
[Site "Chess.com"]
[Date "2020.12.29"]
[Round "10"]
[White "beto-betun"]
[Black "zurzan"]
[Result "1-0"]
[WhiteElo "2189"]
[BlackElo "2058"]
[TimeControl "180+1"]
[EndTime "11:53:14 PST"]
[Termination "beto-betun won by checkmate"]

1. d4 d6 2. Nf3 Bg4 3. g3 f5 4.
Bg2 Nf6 5. O-O Bxf3 6. Bxf3 g6 7.
Bxb7 Nbd7 8. Bxa8 Qxa8 9. f3 Bg7 10. c4 O-O 11. Nc3 e5 12. d5 a6 13. Be3 Qe8 14. Qd2 f4 15. gxf4 exf4 16. Bxf4 Ne5 17. Bxe5 Qxe5 18.
e3 Re8 19. Rae1 Nh5 20. Ne4 Rb8 21. b3 Rf8 22. Qg2 Nf6 23. Nxf6+ Rxf6 24. f4 Qh5 25. Qg5 Qh3 26. Qg3 Qh5 27. e4 Rf8 28. e5 dxe5 29. fxe5 Rxf1+ 30. Kxf1 Qf5+ 31. Kg2 Qc2+ 32. Qf2 Qd3 33.
e6 Bd4 34. Qf7+ Kh8 35. Qf8# 1-0

[Event "*** Titled Tuesday Blitz"]
[Site "Chess.com"]
[Date "2020.12.29"]
[Round "10"]
[White "Training_Day"]
[Black "stephan97"]
[Result "1-0"]
[WhiteElo "2373"]
[BlackElo "2245"]
[TimeControl "180+1"]
[EndTime "11:53:15 PST"]
[Termination "Training_Day won by resignation"]

1. e4 c5 2. Nf3 d6 3. d4 cxd4 4.
Nxd4 Nf6 5. f3 a6 6. c4 g6 7. Nc3 Bg7 8. Be3 O-O 9. Qd2 Nbd7 10. Be2 Qc7 11. O-O Rb8 12. Rfc1 Ne5 13. b3 Be6 14. Nd5 Bxd5 15. cxd5 Qd8 16. Rc2 Rc8 17. Rac1 Qd7 18. h3 Rxc2 19. Qxc2 Qd8 20. Qc7 b5 21. Qb7 Qa5 22.
Qxe7 Qxa2 23. Qxd6 Re8 24. Bf1 Bf8 25. Qxf6 1-0

[Event "*** Titled Tuesday Blitz"]
[Site "Chess.com"]
[Date "2020.12.29"]
[Round "10"]
[White "comsac"]
[Black "HanSchut"]
[Result "0-1"]
[WhiteElo "2397"]
[BlackElo "2269"]
[TimeControl "180+1"]
[EndTime "11:53:18 PST"]
[Termination "HanSchut won by resignation"]

1. e4 c5 2. c3 g6 3. d4 cxd4 4.
cxd4 d5 5. exd5 Nf6 6. Nf3 Nxd5 7. Nc3 Bg7 8. Bc4 Nb6 9. Bb3 O-O 10. Be3 Nc6 11.
h3 Na5 12. O-O Nxb3 13. axb3 Nd5 14. Nxd5 Qxd5 15. Qd3 Be6 16. Nd2 Rfd8 17. Ra4 b5 18.
Ra5 a6 19. Rfa1 Bxd4 20. Bxd4 Qxd4 21. Qxd4 Rxd4 22. Nf3 Rb4 23. Rxa6 Rxa6 24. Rxa6 Rxb3 25. Nd4 Rxb2 26. Nxe6 fxe6 27. Rxe6 Kf7 28. Rb6 b4 29. g4 b3 30. Kg2 Rb1 31. Kf3 b2 32. h4 Ke8 33.
Kf4 h6 34. h5 e5+ 35. Kf3 g5 36. Ke2 Kd7 37. Kd2 Rf1 0-1

[Event "*** Titled Tuesday Blitz"]
[Site "Chess.com"]
[Date "2020.12.29"]
[Round "10"]
[White "PhoenixFire8"]
[Black "The_filthy"]
[Result "0-1"]
[WhiteElo "2422"]
[BlackElo "2312"]
[TimeControl "180+1"]
[EndTime "11:53:18 PST"]
[Termination "The_filthy won by resignation"]

1. Nf3 d5 2. b3 c6 3. Bb2 Nd7 4. e3 f6 5. d4 e6 6. c4 Bd6 7. Bd3 Ne7 8. Qc2 e5 9. dxe5 fxe5 10. Bxh7 e4 11. Ng5 Ne5 12. Bxe4 dxe4 13. Qxe4 Bf5 14. Qd4 c5 15. Qd2 N7c6 16. Nf3 Nd3+ 17. Ke2 Nxb2 18. Qxb2 Qe7 19. Nc3 Nb4 20. Nd5 Nxd5 21. cxd5 O-O-O 22. b4 cxb4 23. h3 Kb8 24. Rhd1 Rc8 25.
Rac1 Rxc1 26. Rxc1 Rc8 27. Nd4 Rxc1 28. Nxf5 Qc7 29. Qxg7 Qc2+ 30. Kf3 Qxf5+ 0-1

[Event "*** Titled Tuesday Blitz"]
[Site "Chess.com"]
[Date "2020.12.29"]
[Round "10"]
[White "KyronGriffith"]
[Black "Everyfishknows"]
[Result "0-1"]
[WhiteElo "2522"]
[BlackElo "2415"]
[TimeControl "180+1"]
[EndTime "11:53:21 PST"]
[Termination "Everyfishknows won by resignation"]

1. e4 e5 2. Nf3 Nc6 3. Nc3 Nf6 4. g3 d5 5. exd5 Nxd5 6. Bg2 Nxc3 7. bxc3 Bd6 8. O-O O-O 9. d4 Bg4 10. h3 Bh5 11.
Be3 e4 12. Rb1 exf3 13. Bxf3 Bxf3 14. Qxf3 Rb8 15. c4 Qd7 16. c5 Be7 17. c3 Qxh3 18. Bf4 Qf5 19. Qe2 Rfe8 20. Qc4 h5 21. Bxc7 Rbc8 22. Rxb7 h4 23. Qb5 Qf3 24. Rb1 Bf6 25. Bf4 Re2 0-1

[Event "*** Titled Tuesday Blitz"]
[Site "Chess.com"]
[Date "2020.12.29"]
[Round "10"]
[White "Grammnik"]
[Black "SergeyShtyka"]
[Result "0-1"]
[WhiteElo "2332"]
[BlackElo "2461"]
[TimeControl "180+1"]
[EndTime "11:53:23 PST"]
[Termination "SergeyShtyka won by resignation"]

1. d4 c5 2. d5 e5 3. e4 d6 4. Bb5+ Bd7 5. a4 Be7 6. Nc3 Bg5 7. Nf3 Bxc1 8. Qxc1 Nf6 9. Qg5 O-O 10. Bxd7 Nbxd7 11. O-O Qe7 12. Nh4 Nxd5 13. Qxe7 Nxe7 14. Rfd1 Nb6 15. Rxd6 Nc6 16. b3 Rfd8 17. Rxd8+ Rxd8 18. a5 Nc8 19. Nf3 f6 20. Nd5 Kf7 21. Kf1 Nd4 22. Nxd4 cxd4 23. Ke2 f5 24. f3 Nd6 25. Kd3 Ke6 26.
a6 b6 27. Nxb6 fxe4+ 28. fxe4 axb6 29. a7 Ra8 0-1

[Event "*** Titled Tuesday Blitz"]
[Site "Chess.com"]
[Date "2020.12.29"]
[Round "10"]
[White "ShahMatKanal"]
[Black "Walter_White_Poland"]
[Result "0-1"]
[WhiteElo "2436"]
[BlackElo "2345"]
[TimeControl "180+1"]
[EndTime "11:53:23 PST"]
[Termination "Walter_White_Poland won by resignation"]

1. e4 e5 2. f4 exf4 3. Nf3 g5 4. Bc4 Bg7 5. O-O d6 6. d4 Nc6 7. c3 h6 8. g3 Bh3 9. Rf2 Nf6 10. gxf4 Nxe4 11.
Re2 d5 12. Qb3 Na5 13. Qa4+ c6 14. Bd3 O-O 15. b4 Qd7 16. Bxe4 dxe4 17. Rxe4 Qg4+ 18.
Kf2 Qg2+ 19. Ke3 Nc4+ 20. Kd3 Qxf3+ 21. Re3 Nxe3 22. Bxe3 Rfe8 0-1

[Event "*** Titled Tuesday Blitz"]
[Site "Chess.com"]
[Date "2020.12.29"]
[Round "10"]
[White "ferdipy"]
[Black "azikom"]
[Result "0-1"]
[WhiteElo "2210"]
[BlackElo "2598"]
[TimeControl "180+1"]
[EndTime "11:53:24 PST"]
[Termination "azikom won by resignation"]

1. d4 d5 2. Nf3 Bf5 3. Bg5 h6 4. Bf4 c6 5. Nbd2 e6 6. e3 Nd7 7. Bd3 Ngf6 8. O-O Ne4 9. Qe2 Be7 10. h3 O-O 11. a3 Qb6 12. Rab1 a5 13. c4 a4 14. Rfc1 Qa7 15. Ne5 Nxe5 16. Bxe5 Nxd2 17.
Qxd2 Bxd3 18. Qxd3 Qa6 19. Qf1 Rfc8 20. Rc2 Bf8 21.
Rbc1 Rd8 22. Qd1 Rd7 23. Qg4 Qa5 24. cxd5 Rxd5 25. Qf3 Qd8 26. Re2 Rb5 27. Qg3 Qg5 28. Qf3 Qf5 29. Qg3 Rb3 30. Bd6 Qg5 31. Qxg5 hxg5 32.
Bxf8 Kxf8 33. Rc5 f6 34. Rec2 Ke7 35. Kf1 Ra6 36. Ke2 Rab6 37. R5c4 Rxb2 38. Kd2 Rxc2+ 39.
Kxc2 Ra6 40. Kc3 Kd6 41. Kb4 b5 42. Rc5 Ra8 43. e4 Rh8 44. d5 exd5 45. exd5 Rh4+ 0-1

[Event "*** Titled Tuesday Blitz"]
[Site "Chess.com"]
[Date "2020.12.29"]
[Round "10"]
[White "vova-79"]
[Black "BobbySteen89"]
[Result "0-1"]
[WhiteElo "2518"]
[BlackElo "2146"]
[TimeControl "180+1"]
[EndTime "11:53:24 PST"]
[Termination "BobbySteen89 won by resignation"]

1. d4 Nf6 2. c4 c5 3. Nf3 g6 4. g3 Bg7 5. Bg2 O-O 6. Nc3 cxd4 7. Nxd4 Nc6 8. O-O Nxd4 9. Qxd4 d6 10. Qd3 Nd7 11. Bd2 Nc5 12. Qc2 a5 13. Rac1 Bf5 14.
e4 Be6 15. b3 Rc8 16. Qb1 a4 17. b4 Nd7 18. Nd5 Bxd5 19. cxd5 b5 20. Qd3 Qb6 21.
Be3 Qb7 22. Bh3 Ne5 23. Qe2 Rxc1 24. Rxc1 Nc4 25. Qd3 Bb2 26. Rc2 a3 27. Bd4 Ra8 28.
f4 Ra4 29. Bf2 Rxb4 30. Bg2 Ra4 31. e5 Ra8 32. Qb3 Rc8 33. h4 h5 34. exd6 Nxd6 35.
Rxc8+ Qxc8 36. f5 Qxf5 0-1

[Event "*** Titled Tuesday Blitz"]
[Site "Chess.com"]
[Date "2020.12.29"]
[Round "10"]
[White "Tekushka"]
[Black "HeadShotRomanTest"]
[Result "1-0"]
[WhiteElo "2395"]
[BlackElo "2174"]
[TimeControl "180+1"]
[EndTime "11:53:26 PST"]
[Termination "Tekushka won by resignation"]

1. e4 c5 2. Nf3 d6 3. d4 cxd4 4. Nxd4 Nf6 5. Nc3 g6 6. Be3 Bg7 7. f3 O-O 8. Qd2 Nc6 9. O-O-O Bd7 10. g4 Ne5 11. h4 Rc8 12. Kb1 Qa5 13. h5 Rxc3 14.
Qxc3 Qxc3 15. bxc3 Nxf3 16. Nxf3 Bxg4 17. Bg2 Nxe4 18. Bd4 e5 19. Rhe1 Bxf3 20. Bxf3 Ng5 21. Bd5 exd4 22. cxd4 gxh5 23. Re7 a5 24. Rxb7 h4 25.
c3 Re8 26. Rf1 Rf8 27. Ra7 h6 28. Rxa5 Kh8 29. Ra7 f5 30. a4 f4 31. a5 f3 32. a6 h3 33. Re7 Bf6 34. Re3 Rf7 35. Bxf7 1-0

[Event "*** Titled Tuesday Blitz"]
[Site "Chess.com"]
[Date "2020.12.29"]
[Round "10"]
[White "Pantata007"]
[Black "Khusenkhojaev"]
[Result "0-1"]
[WhiteElo "2299"]
[BlackElo "2450"]
[TimeControl "180+1"]
[EndTime "11:53:28 PST"]
[Termination "Khusenkhojaev won on time"]

1. d4 Nf6 2. c4 g6 3. Nc3 d5 4. cxd5 Nxd5 5. e4 Nxc3 6. bxc3 Bg7 7. Nf3 c5 8. Be3 Qa5 9. Qd2 O-O 10. Rc1 e6 11. Bc4 Rd8 12. d5 b5 13. Be2 exd5 14. exd5 c4 15. O-O Bb7 16. d6 Nd7 17. Bg5 Nf6 18. Ne5 Ne4 19. Qf4 Nxg5 20. Qxg5 Bxe5 21. Qxe5 Re8 22. Qc5 Rxe2 23. Rce1 Rxe1 24. Rxe1 Qxc3 25. Rd1 Qc2 26. Qd4 Qe4 0-1

[Event "*** Titled Tuesday Blitz"]
[Site "Chess.com"]
[Date "2020.12.29"]
[Round "10"]
[White "Pelopidass"]
[Black "Chamal_Gedgafov"]
[Result "1/2-1/2"]
[WhiteElo "2557"]
[BlackElo "2266"]
[TimeControl "180+1"]
[EndTime "11:53:29 PST"]
[Termination "Game drawn by agreement"]

1. e4 e5 2. Nf3 Nc6 3. Bb5 a6 4.
Ba4 Nf6 5. O-O Be7 6. Bxc6 dxc6 7. d3 Nd7 8. Nbd2 c5 9. Nc4 f6 10. Nh4 O-O 11. Nf5 Rf7 12. Qg4 Kh8 13. f4 Bf8 14.
fxe5 Nxe5 15. Nxe5 fxe5 16. Bg5 Qe8 17. Qg3 Bd7 18.
Bd2 Bd6 19. Bc3 Qe6 20. Nxd6 cxd6 21. Rxf7 Qxf7 22. Qf2 Rf8 23. Qxf7 Rxf7 24. Ba5 Be6 25. c4 Kg8 26. b4 b5 27. cxb5 axb5 28. a4 bxa4 29.
bxc5 dxc5 30. Rxa4 Ra7 31. Ra1 c4 32. dxc4 Bxc4 33.
Bc3 Rxa1+ 34. Bxa1 Bd3 35. Bxe5 Bxe4 36. Kf2 1/2-1/2

[Event "*** Titled Tuesday Blitz"]
[Site "Chess.com"]
[Date "2020.12.29"]
[Round "10"]
[White "Carnivoras"]
[Black "annamaja"]
[Result "0-1"]
[WhiteElo "2545"]
[BlackElo "2297"]
[TimeControl "180+1"]
[EndTime "11:53:29 PST"]
[Termination "annamaja won by resignation"]

1. e4 e6 2. h4 d5 3. e5 c5 4. h5 h6 5. Qe2 Nc6 6. d3 Qc7 7. f4 Nd4 8. Qd1 Bd7 9. c3 Nf5 10. Ne2 d4 11. g4 Ne3 12. Bxe3 dxe3 13. Bg2 Bc6 14. O-O Bxg2 15. Kxg2 Qc6+ 16. Rf3 Ne7 17. Na3 g6 18. Nc4 gxh5 19. Nd6+ Kd7 20. Ne4 hxg4 21.
Rg3 h5 22. Kf1 Nf5 23. Rg1 Be7 24. Qc1 Rag8 25. N2g3 h4 26. Ne2 g3 27. Qc2 Rg4 28. Rd1 h3 29. d4 g2+ 30. Ke1 h2 0-1

[Event "*** Titled Tuesday Blitz"]
[Site "Chess.com"]
[Date "2020.12.29"]
[Round "10"]
[White "Eternauta2400"]
[Black "champ2005"]
[Result "0-1"]
[WhiteElo "2524"]
[BlackElo "2986"]
[TimeControl "180+1"]
[EndTime "11:53:32 PST"]
[Termination "champ2005 won by resignation"]

1. c4 g6 2. Nc3 Bg7 3. d4 d6 4. e4 Nf6 5. Nf3 O-O 6. Be2 Qe8 7.
O-O e5 8. d5 a5 9. Bg5 Na6 10. Nd2 Nd7 11. a3 h6 12. Be3 f5 13.
exf5 gxf5 14. f4 exf4 15. Bxf4 Nac5 16. Nb3 Nxb3 17. Qxb3 Bxc3 18. Qxc3 Qxe2 19. Rae1 Qh5 20. Re7 Nf6 21. Rf3 Rf7 22. Rg3+ Kf8 23. Rh3 Qg4 24. Bxh6+ Kxe7 25. Re3+ Ne4 26. h3 Qg6 27. Qh8 Bd7 28. Qxa8 Qxh6 0-1

[Event "*** Titled Tuesday Blitz"]
[Site "Chess.com"]
[Date "2020.12.29"]
[Round "10"]
[White "MasterKroket"]
[Black "Chernov_Alexander_A"]
[Result "1-0"]
[WhiteElo "2458"]
[BlackElo "2305"]
[TimeControl "180+1"]
[EndTime "11:53:33 PST"]
[Termination "MasterKroket won on time"]

1. d4 Nf6 2. c4 e6 3. Nf3 d5 4.
Nc3 c5 5. cxd5 Nxd5 6. e4 Nxc3 7.
bxc3 cxd4 8. cxd4 Bb4+ 9. Bd2 Bxd2+ 10. Qxd2 O-O 11. Bd3 Nd7 12. O-O Nf6 13. e5 Nd5 14. Ng5 h6 15. Ne4 Bd7 16. Nd6 Bc6 17. Rac1 Nb6 18.
Rxc6 bxc6 19. f4 Nc8 20. f5 Nxd6 21. f6 Nb5 22. Rf4 g5 23. Qe2 Nxd4 24. Qh5 Qb6 25.
Rf2 Nf5 26. Bxf5 1-0

[Event "*** Titled Tuesday Blitz"]
[Site "Chess.com"]
[Date "2020.12.29"]
[Round "10"]
[White "Ajedrez_con_German"]
[Black "Flopezin"]
[Result "0-1"]
[WhiteElo "2512"]
[BlackElo "2403"]
[TimeControl "180+1"]
[EndTime "11:53:34 PST"]
[Termination "Flopezin won by resignation"]

1. d4 Nf6 2. Bf4 e6 3. e3 c5 4. c3 b6 5. Nf3 Bb7 6. Nbd2 Be7 7. h3 O-O 8. Bd3 cxd4 9. exd4 d6 10. O-O Nbd7 11.
Bh2 Re8 12. Re1 Bf8 13. a4 a6 14. Qb3 e5 15. dxe5 dxe5 16. Bc4 Re7 17. Ng5 Nc5 18.
Bxf7+ Kh8 19. Qc2 h6 20. Rad1 Qd3 21. Qc1 Qf5 22. Ngf3 Rxf7 23. Nh4 Qh7 24. Bxe5 Nd3 25. Qc2 Nxe1 26. Qxh7+ Kxh7 27. Rxe1 Re8 0-1

[Event "*** Titled Tuesday Blitz"]
[Site "Chess.com"]
[Date "2020.12.29"]
[Round "10"]
[White "TomasKapitanchuk"]
[Black "Chesswizard_2007"]
[Result "0-1"]
[WhiteElo "2474"]
[BlackElo "2661"]
[TimeControl "180+1"]
[EndTime "11:53:35 PST"]
[Termination "Chesswizard_2007 won by checkmate"]

1. e4 c5 2. Nf3 Nc6 3. Bb5 g6 4. Bxc6 dxc6 5. d3 Bg7 6. h3 Nf6 7. Nc3 O-O 8. Be3 b6 9. Qd2 Nd7 10. h4 h5 11. Bh6 Nf6 12. Bxg7 Kxg7 13. Ng5 Ne8 14. O-O-O Nc7 15. f3 Ne6 16. g4 Rh8 17.
Rdg1 Nd4 18. Ne2 b5 19. gxh5 Rxh5 20. Nf4 Rh6 21. h5 e5 22. Ne2 c4 23. hxg6 Nxe2+ 24. Qxe2 Rxh1 25. Rxh1 Qxg5+ 26. Kd1 cxd3 27. cxd3 Be6 28.
Qh2 Bxa2 29. Qh7+ Kf6 30. Rh5 Bb3+ 31. Ke1 Qe3+ 32. Kf1 Qxf3+ 33. Ke1 Qe3+ 34. Kf1 Qxd3+ 35. Kg1 Qg3+ 36. Kf1 Bc4# 0-1

[Event "*** Titled Tuesday Blitz"]
[Site "Chess.com"]
[Date "2020.12.29"]
[Round "10"]
[White "MoreChessJulia"]
[Black "Gerryisplaying"]
[Result "1-0"]
[WhiteElo "2127"]
[BlackElo "2283"]
[TimeControl "180+1"]
[EndTime "11:53:36 PST"]
[Termination "MoreChessJulia won by checkmate"]

1. d4 d5 2. Bg5 f6 3. Bh4 Nh6 4.
f4 Nf5 5. Bf2 h5 6. Nf3 e6 7. e3 c5 8. c3 Nc6 9. Nbd2 Qb6 10.
Qb3 c4 11. Qxb6 axb6 12. e4 Nd6 13. e5 Nf5 14. g3 b5 15. a3 b4 16. cxb4 Bxb4 17. Rc1 Bxd2+ 18. Kxd2 Na5 19. Rb1 Nb3+ 20. Kc2 Bd7 21. Be2 Ba4 22. Kc3 Kf7 23. h3 Rhc8 24. g4 hxg4 25. hxg4 Ne7 26. Rh5 Rh8 27. Rbh1 Rxh5 28.
Rxh5 Ng6 29. Bg3 Rh8 30. f5 exf5 31. Rxh8 Nxh8 32. gxf5 Ke7 33. e6 g6 34. Nh4 Be8 35.
Bg4 gxf5 36. Nxf5+ Kd8 37. Ne3 Ng6 38. Nxd5 b5 39. Bd6 Na5 40. e7+ Nxe7 41. Bxe7# 1-0

[Event "*** Titled Tuesday Blitz"]
[Site "Chess.com"]
[Date "2020.12.29"]
[Round "10"]
[White "andrewtnb"]
[Black "chescomhuynya"]
[Result "1-0"]
[WhiteElo "2384"]
[BlackElo "2548"]
[TimeControl "180+1"]
[EndTime "11:53:39 PST"]
[Termination "andrewtnb won by resignation"]

1. d4 Nf6 2. c4 g6 3. Nc3 d5 4. cxd5 Nxd5 5. e4 Nxc3 6. bxc3 Bg7 7. Nf3 c5 8. Be2 Nc6 9. d5 Bxc3+ 10. Bd2 Bxa1 11.
Qxa1 Nd4 12. Nxd4 cxd4 13. Qxd4 O-O 14. Bh6 f6 15. Bxf8 Kxf8 16. O-O Qb6 17. Qd2 Kg7 18. Rc1 Bd7 19. Bc4 Rc8 20. Bb3 Rxc1+ 21. Qxc1 Qd4 22.
Qc2 a5 23. h3 a4 24. Bc4 a3 25. Bb3 Qa1+ 26. Kh2 Qb2 27. Qc7 Qe5+ 28. Qxe5 fxe5 29.
Kg3 Kf6 30. Kf3 b5 31. h4 b4 32. g4 e6 33. g5+ Ke7 34. Ke3 exd5 35. exd5 Kd6 36.
Ke4 Bf5+ 37. Ke3 Bc8 38. Kd3 Ba6+ 39. Ke4 Bf1 40. f3 Ba6 41. Ke3 Bc8 42. Ke4 Bf5+ 43. Ke3 Kc5 44. f4 exf4+ 45. Kxf4 Bh3 46. Ke5 Bg4 47.
d6 Kc6 48. Ba4+ Kc5 49. Bb3 Bd7 50. Bg8 Ba4 51. Bf7 b3 52. Bxb3 Bxb3 53. d7 Bxa2 54. d8=Q Bb3 55. Qd6+ Kc4 56. Qxa3 1-0

[Event "*** Titled Tuesday Blitz"]
[Site "Chess.com"]
[Date "2020.12.29"]
[Round "10"]
[White "amintabatabaei"]
[Black "Beca95"]
[Result "0-1"]
[WhiteElo "2901"]
[BlackElo "2844"]
[TimeControl "180+1"]
[EndTime "11:53:40 PST"]
[Termination "Beca95 won by resignation"]

1. d4 Nf6 2. Nf3 e6 3. Bf4 c5 4. e3 cxd4 5. exd4 b6 6. c3 Be7 7. h3 Ba6 8. Bxa6 Nxa6 9. O-O O-O 10. Re1 Nc7 11. Nbd2 b5 12. Qe2 Ncd5 13. Bh2 Qb6 14.
Ne4 Nxe4 15. Qxe4 d6 16. Qd3 a5 17. Nd2 Rfc8 18. Ne4 h6 19. Re2 Nf6 20. Nxf6+ Bxf6 21. Rd1 d5 22. Be5 Bxe5 23. Rxe5 b4 24. Re3 bxc3 25.
bxc3 Qb2 26. Rd2 Qa1+ 27. Kh2 Rab8 28. Qc2 Rb1 29. Qa4 Rh1+ 30. Kg3 Qg1 31. Qd7 Rf8 32. Ree2 g5 33. Qe7 0-1

[Event "*** Titled Tuesday Blitz"]
[Site "Chess.com"]
[Date "2020.12.29"]
[Round "10"]
[White "Susal_De_Silva"]
[Black "onnoelgersma"]
[Result "0-1"]
[WhiteElo "2552"]
[BlackElo "2457"]
[TimeControl "180+1"]
[EndTime "11:53:41 PST"]
[Termination "onnoelgersma won by resignation"]

1. e4 c5 2. Nf3 e6 3. d4 cxd4 4. Nxd4 Nc6 5. Be2 Nf6 6. Nc3 Bb4 7. Qd3 d5 8. Nxc6 bxc6 9. O-O O-O 10. e5 Nd7 11. f4 f5 12. a3 Be7 13. Nd1 Nc5 14.
Qh3 Ne4 15. Nf2 Rb8 16. c3 Bc5 17. Be3 Bxe3 18. Qxe3 Rxb2 19. Nxe4 fxe4 20. Rab1 Qb6 21. Qxb6 Rxb6 22. Rxb6 axb6 23. a4 Bd7 24. Rb1 Ra8 25. Rxb6 Rxa4 26. Rb7 Be8 27. Bg4 e3 28. Bxe6+ Kf8 29.
Kf1 Rxf4+ 30. Ke1 Re4 31. Bf5 Rxe5 32. Bxh7 c5 33. Ke2 d4 34. cxd4 cxd4 35. h3 Bb5+ 36. Ke1 d3 37. Rxb5 Rxb5 38. Bxd3 Rb2 39. Be2 Ke7 0-1

[Event "*** Titled Tuesday Blitz"]
[Site "Chess.com"]
[Date "2020.12.29"]
[Round "10"]
[White "NovikovaGalina"]
[Black "IMVoja"]
[Result "0-1"]
[WhiteElo "2254"]
[BlackElo "2416"]
[TimeControl "180+1"]
[EndTime "11:53:46 PST"]
[Termination "IMVoja won on time"]

1. e4 e6 2. Nf3 d5 3. e5 c5 4. b4 cxb4 5. a3 b3 6. cxb3 Nc6 7. d4 Nge7 8. Bd3 Ng6 9. O-O Be7 10.
b4 a6 11. g3 O-O 12. h4 f5 13.
exf6 Bxf6 14. h5 Nge7 15. Qc2 Nf5 16. Bb2 Bd7 17. g4 Nfxd4 18. Bxh7+ Kh8 19. Nxd4 Nxd4 20. Bxd4 Bxd4 21. Nd2 Qh4 22. Bg6 Rxf2 23. Rxf2 Qxf2+ 24. Kh1 Bxa1 25. h6 Bc6 26. hxg7+ Kxg7 27. Qd3 Rh8+ 28. Bh5 d4+ 29. Ne4 Qe1+ 30. Kh2 Qxe4 31. Qd2 Qe3 32. Qc2 d3 33. Qc4 Be5+ 0-1

[Event "*** Titled Tuesday Blitz"]
[Site "Chess.com"]
[Date "2020.12.29"]
[Round "10"]
[White "kinga2008"]
[Black "Zmeeed63"]
[Result "0-1"]
[WhiteElo "2168"]
[BlackElo "2314"]
[TimeControl "180+1"]
[EndTime "11:53:47 PST"]
[Termination "Zmeeed63 won on time"]

1. e4 Nc6 2. d4 d5 3. exd5 Qxd5 4. Nf3 Bg4 5. Be3 O-O-O 6. Be2 e5 7. c3 exd4 8. Nxd4 Bxe2 9. Qxe2 Qxg2 10. Qf3 Qxf3 11.
Nxf3 Nf6 12. Bg5 Be7 13. Nbd2 Rhe8 14. O-O-O h6 15. Bxf6 Bxf6 16. Nc4 Re2 17. Rxd8+ Kxd8 18. Rf1 Re4 19. Ne3 Ne5 20. Nxe5 Bxe5 21. Nf5 c6 22.
Kc2 Re2+ 23. Kb3 h5 24. f4 Bf6 25. Nd6 Kc7 26. Nf5 g6 0-1

[Event "*** Titled Tuesday Blitz"]
[Site "Chess.com"]
[Date "2020.12.29"]
[Round "10"]
[White "PSvidler"]
[Black "exoticprincess"]
[Result "1/2-1/2"]
[WhiteElo "2842"]
[BlackElo "2902"]
[TimeControl "180+1"]
[EndTime "11:53:49 PST"]
[Termination "Game drawn by repetition"]

1. e4 c6 2. d4 d5 3. Nd2 dxe4 4. Nxe4 Bf5 5. Ng3 Bg6 6. h4 h6 7. Nf3 Nd7 8. h5 Bh7 9. Bd3 Bxd3 10. Qxd3 e6 11. Bd2 Ngf6 12. O-O-O Qb6 13. Kb1 Rd8 14. Qe2 Bb4 15. Bc1 O-O 16. Ne5 Be7 17. f4 c5 18.
Nxd7 Rxd7 19. dxc5 Qc6 20. Rxd7 Nxd7 21. f5 Nxc5 22.
Rf1 Bf6 23. fxe6 fxe6 24. Rf3 Qd5 25. a3 b6 26. Be3 Na4 27. Bc1 Nc5 28. Be3 Na4 29.
Bc1 Nc5 1/2-1/2

[Event "*** Titled Tuesday Blitz"]
[Site "Chess.com"]
[Date "2020.12.29"]
[Round "10"]
[White "mbachez"]
[Black "ShapkinAnatoliy"]
[Result "1-0"]
[WhiteElo "2576"]
[BlackElo "2695"]
[TimeControl "180+1"]
[EndTime "11:53:49 PST"]
[Termination "mbachez won by resignation"]

1. e4 e5 2. Nf3 Nc6 3. Bb5 Nf6 4. O-O Nxe4 5. d4 Nd6 6. dxe5 Nxb5 7. a4 Nbd4 8. Nxd4 Nxd4 9. Qxd4 d5 10. Nc3 c6 11.
Be3 Qd7 12. Kh1 Qg4 13. f4 Qg6 14. Qd2 Bf5 15. Qf2 Bb4 16. Ne2 O-O 17. Bc5 Bxc5 18. Qxc5 Bxc2 19. Ra3 Bd3 20. f5 Qg4 21. Rxd3 Qxe2 22.
Rdf3 Qxe5 23. f6 g6 24. Qc1 Rae8 25. Qh6 1-0

[Event "*** Titled Tuesday Blitz"]
[Site "Chess.com"]
[Date "2020.12.29"]
[Round "10"]
[White "GM_Crest"]
[Black "ZatonskihAnna"]
[Result "1-0"]
[WhiteElo "2699"]
[BlackElo "2508"]
[TimeControl "180+1"]
[EndTime "11:53:49 PST"]
[Termination "GM_Crest won on time"]

1. d4 d5 2. c4 e6 3. Nc3 Nf6 4.
cxd5 exd5 5. Bg5 Be7 6. Qc2 c6 7. e3 Nbd7 8. Bd3 Nf8 9. Nf3 Bg4 10. Ne5 Bh5 11. f4 N6d7 12. Bxe7 Qxe7 13. O-O f6 14.
Nxd7 Nxd7 15. Rae1 Qd6 16. Bxh7 O-O-O 17. Bf5 Kb8 18.
b4 Nb6 19. b5 Be8 20. bxc6 Bxc6 21. Qd3 g5 22. Re2 Rdg8 23. g3 Rh5 24. Bg4 Rhh8 25. Bf3 gxf4 26. exf4 Nc4 27. Bg2 Qd7 28. Rfe1 Rg7 29.
Re6 Rgh7 30. h4 Rg7 31. Rxf6 Rhg8 32. Ne2 1-0

[Event "*** Titled Tuesday Blitz"]
[Site "Chess.com"]
[Date "2020.12.29"]
[Round "10"]
[White "MaxLeto"]
[Black "MVM2008"]
[Result "1-0"]
[WhiteElo "2396"]
[BlackElo "2218"]
[TimeControl "180+1"]
[EndTime "11:53:52 PST"]
[Termination "MaxLeto won on time"]

1. g4 e5 2. Bg2 c6 3. d4 exd4 4.
Qxd4 d5 5. Nc3 Nd7 6. Bf4 Ngf6 7. g5 Bc5 8. Qd3 Ng4 9. e3 Nde5 10. Qe2 Nc4 11.
O-O-O Qa5 12. Bxd5 cxd5 13. Rxd5 Qb4 14. Na4 b6 15. b3 Qa3+ 16. Kb1 b5 17. Rxc5 bxa4 18.
Qxc4 axb3 19. Rxc8+ Ke7 20. Rc7+ 1-0

[Event "*** Titled Tuesday Blitz"]
[Site "Chess.com"]
[Date "2020.12.29"]
[Round "10"]
[White "TST2014"]
[Black "BelaKis"]
[Result "1-0"]
[WhiteElo "2532"]
[BlackElo "2120"]
[TimeControl "180+1"]
[EndTime "11:53:53 PST"]
[Termination "TST2014 won on time"]

1. d4 Nf6 2. c4 g6 3. Nc3 Bg7 4.
e4 d6 5. Nf3 O-O 6. Be2 a6 7.
O-O Nbd7 8. Be3 c5 9. d5 b5 10.
cxb5 Qa5 11. a4 Ne8 12. Bg5 f6 13. Bd2 axb5 14. Nxb5 Qb6 15. Bc3 Nc7 16. a5 Qb8 17. Qa4 Ba6 18. Nxc7 Qxc7 19. Bxa6 Rxa6 20. Nd2 Rfa8 21.
Nc4 Ne5 22. Nb6 R8a7 23. f4 Nd3 24. Qe8+ Bf8 25. e5 dxe5 26. fxe5 Nxe5 27. Rae1 Rxb6 28. axb6 Qxb6 29. Bxe5 c4+ 30. Kh1 Qb7 31. Bc3 Qxd5 32. Rd1 Qa8 33. Rd8 1-0